[Event "Titled Tuesday Blitz August 17 2021"]
[White "Golubev, Mikhail"]
[Black "Chen, Max"]
[WhiteFideId "14100983"]
[BlackFideId "2622440"]
[WhiteElo "2374"]
[BlackElo "2447"]
[Result "1/2-1/2"]
[Round "10"]
[TimeControl "180+1"]
[Date "2021.08.17"]
[WhiteClock "0:00:05"]
[BlackClock "0:00:06"]

1. e4 c5 2. Nf3 d6 3. d4 cxd4 4. Nxd4 Nf6 5. Nc3 a6 6. Bc4 Nbd7 7. Bg5 e6 8. O-O Nc5 9. Re1 b5 10. Bd5 Bb7 11. b4 Nxd5 12. Bxd8 Nxc3 13. Qh5 N5xe4 14. f3 g6 15. Qh4 Rxd8 16. fxe4 Bg7 17. Nf3 Nxe4 18. Rad1 Nf6 19. Qf4 Bd5 20. a4 O-O 21. axb5 axb5 22. Kh1 Bxf3 23. Qxf3 Nd5 24. Rxd5 exd5 25. Qxd5 Bc3 26. Rb1 Rfe8 27. Qxb5 Re3 28. Qc4 d5 29. Qc7 Rde8 30. g3 Be5 31. Qc6 Bb8 32. b5 d4 33. b6 h6 34. b7 d3 35. cxd3 Kf8 36. Rf1 R3e6 37. Qc4 Kg7 38. Qc8 Kg8 39. Rf3 Kg7 40. Kg2 Re2+ 41. Rf2 R2e7 42. Qc6 Re6 43. Qf3 R8e7 44. d4 Rd6 45. Qb3 Red7 46. Qb2 Kg8 47. Rd2 Kg7 48. Rc2 Rd8 49. Rc8 R6d7 50. Rxd8 Rxd8 51. Qb4 Kg8 52. Qc5 Re8 53. Qc8 Kf8 54. d5 f6 55. h3 Bd6 56. Qd7 Bb8 57. Qh7 g5 58. Qxh6+ Kf7 59. Qh7+ Kf8 60. Qg6 Ke7 61. Qg7+ Kd6 62. Qxf6+ Kxd5 63. Qf7+ Re6 64. Qg8 Bd6 65. b8=Q Bxb8 66. Qxb8 Ke4 67. Kf2 Kf5 68. Qb5+ Kf6 69. Qb2+ Kg6 70. Qb1+ Kg7 71. Qb5 Kg6 72. Qc4 Rf6+ 73. Ke2 Rf8 74. Kd2 Rd8+ 75. Kc3 Rf8 76. Qc6+ Rf6 77. Qd5 Rf5 78. Qe4 Kf6 79. Qc6+ Kg7 80. Qd7+ Rf7 81. Qe6 Rf6 82. Qe7+ Kg6 83. g4 Rf3+ 84. Kd2 Rxh3 85. Ke1 Rf3 86. Qe6+ Rf6 87. Qe4+ Kg7 88. Qe7+ Kg6 89. Ke2 Rf4 90. Ke3 Rf6 91. Qe5 Rf4 92. Qe8+ Kh6 93. Qg8 Rf6 94. Qh8+ Kg6 95. Qh5+ Kg7 96. Qxg5+ Rg6 97. Qf5 Rf6 98. Qe5 Kf7 99. Qe4 Re6 100. Kf4 Rxe4+ 101. Kxe4 Ke6 102. Kf4 Kf6 103. g5+ Kg6 104. Kg4 Kg7 105. g6 Kxg6 1/2-1/2


[Site "https://www.chess.com"]

[Event "Titled Tuesday Blitz August 17 2021"]
[White "Goncalves, Davi Sulzbacher"]
[Black "Gunina, Valentina"]
[WhiteFideId "2154510"]
[BlackFideId "4167570"]
[WhiteElo "2107"]
[BlackElo "2399"]
[Result "0-1"]
[Round "10"]
[TimeControl "180+1"]
[Date "2021.08.17"]
[WhiteClock "0:00:38"]
[BlackClock "0:01:31"]

1. d4 d5 2. c4 c6 3. Nf3 Nf6 4. e3 Bg4 5. Nc3 Bxf3 6. gxf3 e6 7. Bd3 Nbd7 8. Bd2 Be7 9. f4 dxc4 10. Bxc4 b5 11. Bd3 Nb6 12. Qf3 Rc8 13. Rc1 O-O 14. Ne4 Nbd5 15. Nc5 Bxc5 16. Rxc5 g6 17. O-O a6 18. Rfc1 Ne7 19. Bf1 Nd7 20. R5c2 Nf6 21. Bb4 Nfd5 22. Bc5 Re8 23. Bg2 Qd7 24. Qh3 Nf5 25. e4 Nxf4 26. Qg4 Nd3 27. exf5 exf5 28. Qf3 Nxc1 29. Rxc1 Re6 30. h4 Rce8 31. Qc3 Qd8 32. h5 Qg5 33. hxg6 Rxg6 0-1


[Site "https://www.chess.com"]

[Event "Titled Tuesday Blitz August 17 2021"]
[White "Gontcharov, Vladislav"]
[Black "Molina, Roberto Junio Brito"]
[WhiteFideId "4123492"]
[BlackFideId "2109450"]
[WhiteElo "2503"]
[BlackElo "2402"]
[Result "1-0"]
[Round "10"]
[TimeControl "180+1"]
[Date "2021.08.17"]
[WhiteClock "0:00:04"]
[BlackClock "0:00:02"]

1. e4 c6 2. d4 d5 3. Nc3 dxe4 4. Nxe4 Nd7 5. Bd3 Ngf6 6. Ng5 e6 7. Qe2 Bd6 8. N1f3 h6 9. Ne4 Nxe4 10. Bxe4 Qc7 11. Bd2 b6 12. O-O-O Bb7 13. c4 O-O-O 14. Kb1 c5 15. Bc3 Nf6 16. Bxb7+ Qxb7 17. d5 Rhe8 18. Bxf6 gxf6 19. Qc2 f5 20. Rhe1 Qe7 21. Re2 Qf6 22. Rde1 Re7 23. Ne5 Bxe5 24. Rxe5 Red7 25. dxe6 fxe6 26. Rxe6 Qg5 27. a4 Rd2 28. Qc3 Qxg2 29. a5 Qxf2 30. axb6 axb6 31. Qb3 R2d6 32. Qa4 Kb8 33. Re7 R6d7 34. R7e6 Rd6 35. Re7 R6d7 36. Qa6 Kc7 37. Qa7+ Kc6 38. R1e6+ 1-0


[Site "https://www.chess.com"]

[Event "Titled Tuesday Blitz August 17 2021"]
[White "Goryachkina, Aleksandra"]
[Black "Nozdrachev, Leonid"]
[WhiteFideId "4147103"]
[BlackFideId "24113433"]
[WhiteElo "2441"]
[BlackElo "2240"]
[Result "1-0"]
[Round "10"]
[TimeControl "180+1"]
[Date "2021.08.17"]
[WhiteClock "0:00:47"]
[BlackClock "0:00:05"]

1. e4 d6 2. d4 Nf6 3. Nc3 e5 4. Nf3 Nbd7 5. Bc4 Be7 6. O-O O-O 7. a4 c6 8. Re1 Qc7 9. h3 Re8 10. Ba2 h6 11. Be3 Nf8 12. Qd2 Be6 13. Bxe6 Nxe6 14. Rad1 exd4 15. Nxd4 Nxd4 16. Bxd4 Qa5 17. e5 dxe5 18. Rxe5 Qb4 19. Ne4 Nxe4 20. Rxe4 Qxd2 21. Rxd2 Bg5 22. Rde2 Rxe4 23. Rxe4 a6 24. h4 f5 25. Re6 Bxh4 26. Rg6 Bf6 27. Bxf6 Kf7 28. Rxg7+ Kxf6 29. Rxb7 Rd8 30. Rb6 Ke5 31. Rxc6 h5 32. Kh2 Rd2 33. f3 Kf4 34. Rc3 h4 35. b4 Rd1 36. b5 axb5 37. axb5 h3 38. gxh3 Rd2+ 39. Kg1 Kg3 40. Kf1 f4 41. b6 1-0


[Site "https://www.chess.com"]

[Event "Titled Tuesday Blitz August 17 2021"]
[White "Gracia Alvarez, Gerardo Antonio"]
[Black "Piesik, Piotr"]
[WhiteFideId "5109124"]
[BlackFideId "1136194"]
[WhiteElo "2148"]
[BlackElo "2395"]
[Result "1/2-1/2"]
[Round "10"]
[TimeControl "180+1"]
[Date "2021.08.17"]
[WhiteClock "0:00:35"]
[BlackClock "0:01:31"]

1. e4 g6 2. d4 Bg7 3. c4 d6 4. Nf3 Nd7 5. Be2 e5 6. Nc3 Ngf6 7. O-O O-O 8. Re1 c6 9. Bf1 Qb6 10. d5 cxd5 11. cxd5 Nc5 12. Nd2 Bd7 13. Nc4 Qc7 14. b4 Na6 15. Qb3 Rfc8 16. Bd2 b5 17. Na5 Qb6 18. Be3 Qb8 19. f3 Nh5 20. Rac1 f5 21. a3 Nf6 22. Nc6 Bxc6 23. dxc6+ Kh8 24. Nd5 fxe4 25. Nxf6 Bxf6 26. fxe4 Nc7 27. Red1 Rd8 28. Qf7 Rf8 29. Qd7 Rd8 30. Qf7 Rf8 31. Qd7 Rd8 32. Qf7 1/2-1/2


[Site "https://www.chess.com"]

[Event "Titled Tuesday Blitz August 17 2021"]
[White "Green, Andrew D"]
[Black "TengisChess"]
[WhiteFideId "2401762"]
[WhiteElo "2159"]
[BlackElo "2465"]
[Result "0-1"]
[Round "10"]
[TimeControl "180+1"]
[Date "2021.08.18"]
[WhiteClock "0:00:03"]
[BlackClock "0:01:29"]

1. d4 d6 2. e4 a6 3. f4 g6 4. Nf3 Bg7 5. Be3 Bg4 6. Nc3 Nc6 7. d5 Nb8 8. Bd4 Bxf3 9. gxf3 Nf6 10. h4 c5 11. Be3 b5 12. Qd2 b4 13. Ne2 a5 14. Ng3 a4 15. a3 bxa3 16. Rxa3 Qb6 17. Ra2 Na6 18. c3 Nc7 19. h5 Nxh5 20. Nxh5 gxh5 21. Rxh5 a3 22. Rxa3 Rxa3 23. bxa3 Qb3 24. Kf2 Bxc3 25. Qd3 Qb2+ 26. Be2 Qxa3 27. Qb1 Qb4 28. Qa2 Bd4 29. Bxd4 Qxd4+ 30. Kf1 O-O 31. Qb1 Kh8 32. e5 f5 33. exf6 Rf7 34. fxe7 Rxe7 35. Qf5 Qa1+ 36. Kf2 Qd4+ 37. Kf1 Qg7 38. Qc8+ Re8 39. Qf5 Re7 40. Bd3 Ne8 41. Rg5 Qf7 42. Qg4 Nf6 43. Qh4 Nxd5 44. Rf5 Ne3+ 45. Kf2 Nxf5 46. Bxf5 c4 47. Be4 c3 48. Qg4 Rc7 49. Qg5 c2 50. f5 c1=Q 51. Qd8+ Kg7 52. f6+ Qxf6 0-1


[Site "https://www.chess.com"]

[Event "Titled Tuesday Blitz August 17 2021"]
[White "Gurvich, Vitaly"]
[Black "Moroni, Luca Jr"]
[WhiteFideId "24164852"]
[BlackFideId "865834"]
[WhiteElo "2252"]
[BlackElo "2491"]
[Result "1/2-1/2"]
[Round "10"]
[TimeControl "180+1"]
[Date "2021.08.17"]
[WhiteClock "0:00:19"]
[BlackClock "0:00:07"]

1. g4 d6 2. Bg2 g6 3. h3 Bg7 4. d3 c5 5. Nc3 Nc6 6. e3 h5 7. g5 e6 8. h4 Nge7 9. Nge2 d5 10. Ng3 a6 11. a4 Rb8 12. O-O Qc7 13. Bd2 b5 14. axb5 axb5 15. f4 b4 16. Na4 Qd6 17. Re1 O-O 18. Rb1 Bd7 19. e4 Nd4 20. b3 Ra8 21. e5 Qc7 22. Be3 Bxa4 23. Bxd4 cxd4 24. bxa4 Rxa4 25. Bh3 Rc8 26. Ne2 Bf8 27. Rb2 Qc5 28. Kg2 Nc6 29. Qd2 Na7 30. Reb1 Nb5 31. Kf3 Nc3 32. Re1 Ra3 33. Kg2 Nxe2 34. Qxe2 Rc3 35. Rc1 b3 36. f5 exf5 37. e6 Rxc2 38. Rbxc2 bxc2 39. exf7+ Kxf7 40. Bxf5 gxf5 41. Qxh5+ Kg8 42. Qg6+ Bg7 43. h5 Qc6 44. Qxf5 Rf8 45. Qg4 Qc3 46. Qe2 Qc8 47. h6 Qf5 48. hxg7 Qxg5+ 49. Kh2 Qh6+ 50. Kg3 Qxg7+ 51. Qg4 Qxg4+ 52. Kxg4 Rf2 53. Kg3 Rd2 54. Kf4 Kf7 55. Ke5 Ke7 56. Kxd4 Kd6 57. Kc3 Rh2 58. Rxc2 d4+ 59. Kb3 Rxc2 60. Kxc2 Kc6 61. Kb2 Kb6 62. Ka2 Kc5 63. Ka3 Kb5 64. Kb3 Kc5 65. Ka4 Kc6 66. Kb4 Kd7 67. Kc5 Kc7 68. Kxd4 Kd6 69. Ke4 Ke6 70. d4 Kd6 71. d5 Kd7 72. Ke5 Ke7 73. d6+ Kd7 74. Kd5 Kd8 75. Ke6 Ke8 76. d7+ Kd8 77. Kd6 1/2-1/2


[Site "https://www.chess.com"]

[Event "Titled Tuesday Blitz August 17 2021"]
[White "Hamley, Ryan"]
[Black "Ovetchkin, Roman"]
[WhiteFideId "30959497"]
[BlackFideId "4119991"]
[WhiteElo "2423"]
[BlackElo "2432"]
[Result "0-1"]
[Round "10"]
[TimeControl "180+1"]
[Date "2021.08.17"]
[WhiteClock "0:01:06"]
[BlackClock "0:00:52"]

1. e4 c6 2. d4 d5 3. e5 Bf5 4. h4 h6 5. Bd3 Bxd3 6. Qxd3 e6 7. h5 c5 8. c3 Nc6 9. Ne2 Rc8 10. O-O Qh4 11. Be3 c4 12. Qc2 Qxh5 13. Nf4 Qh4 14. b3 cxb3 15. axb3 Nge7 16. c4 a6 17. cxd5 Nb4 18. Qd2 Nexd5 19. Nxd5 Nxd5 20. Na3 Bb4 21. Qe2 Bxa3 22. Rxa3 Qe4 23. Re1 Rc3 24. Raa1 O-O 25. b4 Rfc8 26. b5 axb5 27. Qxb5 Nxe3 28. fxe3 Rxe3 29. Rf1 Rc2 30. Rf2 Rxf2 31. Kxf2 Qxd4 0-1


[Site "https://www.chess.com"]

[Event "Titled Tuesday Blitz August 17 2021"]
[White "Hansen, Sune Berg"]
[Black "Pichot, Alan"]
[WhiteFideId "1400266"]
[BlackFideId "110973"]
[WhiteElo "2638"]
[BlackElo "2622"]
[Result "0-1"]
[Round "10"]
[TimeControl "180+1"]
[Date "2021.08.17"]
[WhiteClock "0:00:08"]
[BlackClock "0:00:35"]

1. e4 c5 2. Nc3 Nc6 3. Bb5 Nd4 4. Nf3 e6 5. O-O a6 6. Bd3 Nc6 7. e5 g5 8. Be4 Bg7 9. Bxc6 bxc6 10. d4 g4 11. Ng5 cxd4 12. Qxd4 f5 13. f3 h6 14. Nge4 fxe4 15. Nxe4 d5 16. Ng3 Qe7 17. Qxg4 h5 18. Nxh5 Bxe5 19. Bf4 Nf6 20. Qg6+ Qf7 21. Qxf7+ Kxf7 22. Bxe5 Rxh5 23. f4 Bd7 0-1


[Site "https://www.chess.com"]

[Event "Titled Tuesday Blitz August 17 2021"]
[White "Dronavalli, Harika"]
[Black "Bobkov, Vadim"]
[WhiteFideId "5015197"]
[BlackFideId "34110876"]
[WhiteElo "2422"]
[BlackElo "2117"]
[Result "0-1"]
[Round "10"]
[TimeControl "180+1"]
[Date "2021.08.17"]
[WhiteClock "0:00:21"]
[BlackClock "0:00:04"]

1. Nf3 d5 2. c4 e6 3. g3 Nf6 4. Bg2 Be7 5. O-O O-O 6. b3 a5 7. Nc3 Bd7 8. d3 Na6 9. Bb2 c6 10. a3 b5 11. Ne5 Be8 12. d4 Rb8 13. c5 Qc7 14. Bc1 Bxc5 15. Nxf7 Bxf7 16. dxc5 Nxc5 17. b4 Ncd7 18. e4 Bh5 19. Qd2 Ra8 20. exd5 exd5 21. Rb1 axb4 22. axb4 Ne5 23. Re1 Nf3+ 24. Bxf3 Bxf3 25. Qd4 Ne4 26. Nxe4 Bxe4 27. Rb3 Qf7 28. Bb2 h5 29. f3 Bf5 30. Rbe3 Ra7 31. Re5 Rfa8 32. Qh4 Bg6 33. Re7 Qxf3 34. Qd4 Qf6 35. Rxa7 Rxa7 36. Qxa7 Qxb2 37. Qc5 Be4 38. Qf2 Qxb4 39. Rf1 Qe7 40. Qf4 Qe6 41. Qb8+ Kh7 42. Qf4 Qg6 43. h4 b4 44. Kh2 Qg4 45. Qf2 b3 46. Rc1 Qg6 47. Rc3 Bc2 48. Rc5 b2 49. Rxc2 b1=Q 50. Re2 Qbe4 51. Rxe4 Qxe4 52. Qd2 c5 53. Qg5 Qg6 54. Qxd5 Qc2+ 55. Kh3 c4 56. Qxh5+ Kg8 57. Qe8+ Kh7 58. Qh5+ Kg8 59. Qd5+ Kh7 60. h5 Qd3 61. Qc5 c3 62. Kg4 Qe2+ 63. Kg5 Qd2+ 64. Kg4 c2 65. Qf5+ Kg8 66. Qc8+ Kf7 67. Qc7+ Kf6 68. Qc6+ Ke7 69. Qc7+ Qd7+ 70. Qxd7+ Kxd7 71. Kg5 c1=Q+ 72. Kg6 Qc6+ 73. Kxg7 Qc3+ 74. Kg6 Qxg3+ 75. Kf7 Qh4 76. Kg6 Qg4+ 77. Kh6 Ke7 78. Kh7 Kf7 79. h6 Qg8# 0-1


[Site "https://www.chess.com"]

[Event "Titled Tuesday Blitz August 17 2021"]
[White "Idrisov, Ildar F"]
[Black "Girinath, P.D.S."]
[WhiteFideId "4151020"]
[BlackFideId "5000572"]
[WhiteElo "2209"]
[BlackElo "2333"]
[Result "1/2-1/2"]
[Round "10"]
[TimeControl "180+1"]
[Date "2021.08.17"]
[WhiteClock "0:00:04"]
[BlackClock "0:00:06"]

1. Nf3 Nf6 2. b3 g6 3. Bb2 Bg7 4. c4 O-O 5. g3 d6 6. d4 a5 7. a3 e5 8. dxe5 Nfd7 9. Nc3 dxe5 10. Qd2 Nc5 11. Qxd8 Rxd8 12. b4 axb4 13. axb4 Rxa1+ 14. Bxa1 Nb3 15. Bb2 Na6 16. Nd5 c6 17. Ne7+ Kf8 18. Nxc8 Nxb4 19. e4 Rxc8 20. Bxe5 Bxe5 21. Nxe5 Re8 22. f4 f6 23. Nd7+ Kg7 24. e5 fxe5 25. Nxe5 Nd4 26. Kf2 Ra8 27. Bh3 Ra2+ 28. Ke3 c5 29. Bg4 h5 30. Bf3 Ra3+ 31. Kf2 b6 32. Rb1 Ra2+ 33. Kg1 Nd3 34. Bd5 Nxe5 35. fxe5 Ra7 36. Rxb6 Re7 37. e6 Kf6 38. Kf2 Ke5 39. Ke3 Nxe6 40. Bxe6 Rxe6 41. Rxe6+ Kxe6 42. Ke4 g5 43. h4 g4 44. Kd3 Kf5 45. Ke3 Ke5 46. Kd3 Kf5 47. Ke3 Ke5 48. Kd3 Kd6 49. Ke4 Ke6 50. Kd3 Kf5 1/2-1/2


[Site "https://www.chess.com"]

[Event "Titled Tuesday Blitz August 17 2021"]
[White "Indjic, Aleksandar"]
[Black "Preotu, Razvan"]
[WhiteFideId "911925"]
[BlackFideId "2613280"]
[WhiteElo "2643"]
[BlackElo "2407"]
[Result "1-0"]
[Round "10"]
[TimeControl "180+1"]
[Date "2021.08.17"]
[WhiteClock "0:00:12"]
[BlackClock "0:00:02"]

1. e4 c5 2. Nf3 d6 3. d4 cxd4 4. Nxd4 Nf6 5. Nc3 a6 6. Bc4 e6 7. Bb3 b5 8. Be3 Be7 9. Qe2 O-O 10. O-O-O Bb7 11. f3 Nc6 12. g4 b4 13. Na4 Na5 14. g5 Nd7 15. h4 Nxb3+ 16. axb3 Qa5 17. Kb1 Nc5 18. h5 Nxa4 19. bxa4 Qxa4 20. g6 Bf6 21. h6 fxg6 22. hxg7 Bxg7 23. Nxe6 b3 24. cxb3 Bxe4+ 25. Rd3 Qxb3 26. fxe4 Qxe6 27. Bd4 Bxd4 28. Rxd4 Rab8 29. Qh2 Rb7 30. Ka1 Qe5 31. Rxd6 Qxe4 32. Rxg6+ Qxg6 33. Rg1 Rfb8 34. Rxg6+ hxg6 35. Qd6 Rb6 36. Qd5+ Kg7 37. Qd4+ Rf6 38. Qa7+ Kh6 39. Qxb8 g5 40. Qh8+ Kg6 41. Ka2 g4 42. Kb3 Kf5 43. Qg7 Rg6 44. Qf7+ Kg5 45. Qf2 Kh5 46. Qh2+ Kg5 47. Kc4 Kf5 48. Qg3 Rf6 49. Kd5 Kg5 50. Ke4 Rf3 51. Qg1 a5 52. Qc5+ Kh4 53. Qxa5 Kh3 54. Qh5+ Kg3 55. Qe5+ Kg2 56. b4 g3 57. Qd5 Rf2 58. b5 Kf1 59. b6 Ke1 60. Qa5+ Kf1 61. Qb5+ Ke1 62. b7 g2 63. b8=Q Re2+ 64. Qxe2+ Kxe2 65. Qb6 Kf1 66. Kf3 g1=Q 67. Qb1# 1-0


[Site "https://www.chess.com"]

[Event "Titled Tuesday Blitz August 17 2021"]
[White "Janaszak, Dawid"]
[Black "Maze, Sebastien"]
[WhiteFideId "1119206"]
[BlackFideId "613762"]
[WhiteElo "2332"]
[BlackElo "2462"]
[Result "1/2-1/2"]
[Round "10"]
[TimeControl "180+1"]
[Date "2021.08.17"]
[WhiteClock "0:00:04"]
[BlackClock "0:00:10"]

1. e4 c5 2. Nc3 Nc6 3. Bb5 Nd4 4. Nf3 e6 5. O-O Ne7 6. Nxd4 cxd4 7. Ne2 a6 8. Bd3 d5 9. b3 b5 10. a4 Bb7 11. e5 Nc6 12. f4 Qb6 13. axb5 axb5 14. Bb2 Bc5 15. Qe1 Rxa1 16. Bxa1 h5 17. Qg3 g6 18. Bb2 Kd7 19. h3 Qa5 20. Bc1 Nb4 21. Kh2 Qa2 22. Bxb5+ Kc7 23. c3 Qa5 24. Ba4 dxc3 25. Qxc3 Nc6 26. Bxc6 Qxc3 27. dxc3 Bxc6 28. b4 Bb6 29. Nd4 Ra8 30. Be3 Ra2 31. Rf2 Ra1 32. Kg3 Bxd4 33. Bxd4 Bb5 34. Kh4 Kd7 35. Kg5 Ra8 36. Bc5 Ke8 37. g4 Bc4 38. gxh5 gxh5 39. f5 Kd7 40. fxe6+ fxe6 41. Rf7+ Kc6 42. Re7 Rg8+ 43. Kh4 d4 44. cxd4 Kd5 45. Rd7+ Ke4 46. Rf7 Be2 47. Rf2 Bd1 48. Rf1 Be2 49. Re1 Kf3 50. Rc1 Bb5 51. Rc3+ Ke4 52. Rc1 Kd5 53. Kxh5 Be2+ 54. Kh4 Rh8+ 55. Kg3 Rg8+ 56. Kf2 Bb5 57. Rh1 Rh8 58. h4 Ke4 59. h5 Kf5 60. h6 Kg6 61. Ke3 Rh7 62. Rg1+ Kxh6 63. Bf8+ Kh5 64. Bg7 Bc6 65. Bf6 Bd5 66. Kd2 Kh6 67. Kc3 Rc7+ 68. Kb2 Rb7 69. Ka3 Ra7+ 70. Kb2 Rb7 71. Kc3 Rc7+ 72. Kd2 Rb7 73. Rb1 Bc6 74. Ke3 Kg6 75. Kf4 Kf7 76. Kg5 Be8 77. Kf4 Bd7 78. Ke3 Bc6 79. Rb2 Ke8 80. Rc2 Kd7 81. Rb2 Bd5 82. Kd2 Kc6 83. Kc3 Kb5 84. Kd2 Ra7 85. Ke3 Ra3+ 86. Kf4 Rf3+ 87. Kg5 Rg3+ 88. Kh6 Be4 89. Bg5 Rg4 90. Rf2 Kxb4 91. Rf4 Rxf4 92. Bxf4 Kc4 93. Be3 Kd5 94. Bf2 Bd3 95. Be3 Bf5 96. Bf2 Be4 97. Bg1 Bf5 98. Bf2 Be4 99. Bg1 Bf5 100. Bf2 1/2-1/2


[Site "https://www.chess.com"]

[Event "Titled Tuesday Blitz August 17 2021"]
[White "Janiashvili, Mariami"]
[Black "Baskin, Robert"]
[WhiteFideId "13612077"]
[BlackFideId "24662402"]
[WhiteElo "1795"]
[BlackElo "2462"]
[Result "1-0"]
[Round "10"]
[TimeControl "180+1"]
[Date "2021.08.17"]
[WhiteClock "0:00:42"]
[BlackClock "0:00:06"]

1. d4 Nf6 2. c4 e6 3. Nf3 Bb4+ 4. Bd2 c5 5. Bxb4 cxb4 6. Nbd2 O-O 7. e4 d6 8. Bd3 Nc6 9. Qc2 e5 10. d5 Nb8 11. c5 Bg4 12. cxd6 Bxf3 13. Nxf3 Qxd6 14. Rc1 Nbd7 15. O-O Rfd8 16. Qc7 Qb6 17. Qxb6 axb6 18. Rc4 Ne8 19. Rxb4 Rxa2 20. Rc1 Nd6 21. Nd2 f6 22. Nc4 Nc5 23. Be2 Ndxe4 24. Nxb6 Ra5 25. f3 Nd6 26. Nc4 Nxc4 27. Bxc4 Kf8 28. Rb6 Ke7 29. b4 Na4 30. bxa5 Nxb6 31. axb6 Rc8 32. Rc2 Kd6 33. Bb3 Rxc2 34. Bxc2 Kxd5 35. Be4+ Kc5 36. Bxb7 Kxb6 37. Be4 g6 38. g4 Kc5 39. Kf2 Kd4 40. Kg3 Ke3 41. h4 Ke2 42. h5 gxh5 43. gxh5 h6 44. Kg4 Ke3 45. Kf5 1-0


[Site "https://www.chess.com"]

[Event "Titled Tuesday Blitz August 17 2021"]
[White "Kadam, Om Manish"]
[Black "Sokolovsky, Yahli"]
[WhiteFideId "45076294"]
[BlackFideId "2820242"]
[WhiteElo "1729"]
[BlackElo "1770"]
[Result "1-0"]
[Round "10"]
[TimeControl "180+1"]
[Date "2021.08.17"]
[WhiteClock "0:02:25"]
[BlackClock "0:00:18"]

1. e4 g6 2. d4 Bg7 3. Nf3 d6 4. Bc4 e6 5. O-O Ne7 6. Bb3 O-O 7. c4 c5 8. Nc3 Nbc6 9. Be3 b6 10. d5 Ne5 11. Nxe5 Bxe5 12. f4 Bxc3 13. bxc3 exd5 14. cxd5 f5 15. e5 Bb7 16. Qd3 a6 17. Rfe1 Qc7 18. exd6 Qxd6 19. Rad1 Rad8 20. Bf2 Nc8 21. Re6 Qxf4 22. d6 Kh8 23. Bg3 Qe4 24. Rxe4 1-0


[Site "https://www.chess.com"]

[Event "Titled Tuesday Blitz August 17 2021"]
[White "Kalghatgi, Nikhil"]
[Black "Musovic, Armin"]
[WhiteFideId "2056496"]
[BlackFideId "939935"]
[WhiteElo "1994"]
[BlackElo "2250"]
[Result "0-1"]
[Round "10"]
[TimeControl "180+1"]
[Date "2021.08.17"]
[WhiteClock "0:00:33"]
[BlackClock "0:00:33"]

1. d4 d5 2. Bg5 c5 3. c3 Nc6 4. e3 f6 5. Bh4 a6 6. Nf3 Bg4 7. Be2 e6 8. Nbd2 cxd4 9. Nxd4 Bxe2 10. Qxe2 Qd7 11. O-O e5 12. Nxc6 bxc6 13. c4 Bb4 14. cxd5 cxd5 15. Rfd1 Bxd2 16. Rxd2 Ne7 17. Rad1 O-O 18. f4 e4 19. Rd4 Qe6 20. Be1 Rfd8 21. Bc3 h6 22. b3 Rac8 23. Ba1 Rc6 24. R4d2 Rdc8 25. g4 h5 26. g5 Qh3 27. gxf6 gxf6 28. Qg2+ Qxg2+ 29. Kxg2 Kf7 30. Bb2 Rc2 31. Ba3 Nf5 32. Kf2 Ke6 33. Ke2 d4 34. exd4 Kd5 35. Rxc2 Rxc2+ 36. Rd2 Nxd4+ 37. Kd1 Rxd2+ 38. Kxd2 Nf3+ 39. Ke3 Nxh2 40. Bb2 Ng4+ 41. Ke2 f5 42. a3 h4 43. Kf1 h3 44. Kg1 e3 45. Bc3 Ke4 46. b4 Kxf4 47. a4 Kf3 48. b5 h2+ 49. Kh1 Kg3 0-1


[Site "https://www.chess.com"]

[Event "Titled Tuesday Blitz August 17 2021"]
[White "Kamsky, Gata"]
[Black "Zhigalko, Sergei"]
[WhiteFideId "2000024"]
[BlackFideId "13502956"]
[WhiteElo "2644"]
[BlackElo "2662"]
[Result "0-1"]
[Round "10"]
[TimeControl "180+1"]
[Date "2021.08.17"]
[WhiteClock "0:00:01"]
[BlackClock "0:00:03"]

1. d4 Nf6 2. Nf3 e6 3. Bf4 b6 4. e3 Bb7 5. Nbd2 Nh5 6. Bg5 Be7 7. Bxe7 Qxe7 8. a4 a6 9. Bd3 f5 10. O-O O-O 11. Re1 Nc6 12. c3 Qf6 13. g3 Qh6 14. Bf1 Nf6 15. Bg2 Ne7 16. Ne5 Bxg2 17. Kxg2 d6 18. Nd3 Kh8 19. h4 Ng4 20. Qe2 Rae8 21. e4 Ng8 22. e5 dxe5 23. dxe5 Rd8 24. Nf3 Qh5 25. Nf4 Qe8 26. Ng5 Qc6+ 27. f3 Rde8 28. Ngxe6 Rxe6 29. Nxe6 Qxe6 30. fxg4 fxg4 31. Qe4 Ne7 32. Rf1 Nf5 33. Rf2 g6 34. Rd1 a5 35. Kh2 Re8 36. Qxg4 Qxe5 37. Qf4 Qe7 38. Rdd2 h5 39. b4 axb4 40. cxb4 Kh7 41. Rc2 c5 42. bxc5 bxc5 43. a5 Ra8 44. Qa4 Ne3 45. Qb3 Ng4+ 46. Kg2 Ne3+ 47. Kh2 Nxc2 0-1


[Site "https://www.chess.com"]

[Event "Titled Tuesday Blitz August 17 2021"]
[White "Kanyamarala, Trisha"]
[Black "Avramidou, Anastasia"]
[WhiteFideId "45004722"]
[BlackFideId "4239873"]
[WhiteElo "2074"]
[BlackElo "2183"]
[Result "1-0"]
[Round "10"]
[TimeControl "180+1"]
[Date "2021.08.17"]
[WhiteClock "0:00:02"]
[BlackClock "0:00:03"]

1. d4 Nf6 2. c4 g6 3. Nc3 d5 4. cxd5 Nxd5 5. e4 Nxc3 6. bxc3 Bg7 7. Be3 O-O 8. Nf3 c5 9. Rb1 Nc6 10. Be2 Qc7 11. O-O b6 12. dxc5 Rb8 13. cxb6 axb6 14. c4 Rd8 15. Qc2 Bg4 16. c5 Ne5 17. Nxe5 Bxe2 18. Qxe2 Qxe5 19. cxb6 Qxe4 20. Qb5 h5 21. a4 h4 22. h3 f5 23. Bc5 Be5 24. Rb4 Qb7 25. a5 Ra8 26. Qc4+ Kg7 27. Rb5 Bf6 28. Re1 Rdc8 29. Qe6 Rc6 30. Qd5 Rac8 31. Reb1 e6 32. Qa2 Rxc5 33. Rxc5 Rxc5 34. a6 Qc6 35. a7 Rc1+ 36. Rxc1 Qxc1+ 37. Kh2 Be5+ 38. g3 Qe1 39. a8=Q hxg3+ 40. Kg2 gxf2 41. Qxf2 Qb1 42. Qaf3 Bb8 43. Q3e3 e5 44. Qc3 Kh6 45. Qcc2 Qb5 46. Qcd2+ f4 47. Qf3 Qb1 48. Qde2 Qxb6 49. Qff1 Qf6 50. Qg4 Bd6 51. h4 Kg7 52. Qg5 Qe6 53. Qd3 e4 54. Qd4+ Kf7 55. h5 f3+ 56. Kf1 e3 57. hxg6+ Ke8 58. Qgxe3 1-0


[Site "https://www.chess.com"]

[Event "Titled Tuesday Blitz August 17 2021"]
[White "Karttunen, Mika"]
[Black "Volkov, Maksim"]
[WhiteFideId "502081"]
[BlackFideId "54123070"]
[WhiteElo "2343"]
[BlackElo "2113"]
[Result "1-0"]
[Round "10"]
[TimeControl "180+1"]
[Date "2021.08.17"]
[WhiteClock "0:00:03"]
[BlackClock "0:00:21"]

1. d4 d5 2. c4 e6 3. Nc3 c6 4. Nf3 dxc4 5. a4 Bb4 6. e4 b5 7. Bd2 Nf6 8. e5 Bxc3 9. bxc3 Nd5 10. Qb1 a6 11. Be2 h6 12. h4 Nd7 13. h5 N7b6 14. Qb2 Nxa4 15. Qc2 Nab6 16. Rh4 a5 17. Rg4 Kf8 18. Kf1 a4 19. Bc1 b4 20. cxb4 Ba6 21. Ba3 Bb5 22. Nd2 f5 23. exf6 Nxf6 24. Rh4 Qd5 25. Rc1 Qg5 26. Nf3 Qd5 27. Ne5 Rg8 28. Kg1 Rd8 29. Nxc4 Qg5 30. g3 Nbd5 31. Re1 Ke7 32. Ne5 Rc8 33. Bf3 Nd7 34. Ng6+ Kd6 35. Bc1 Qf6 36. Bf4+ Nxf4 37. Rxf4 Qg5 38. Qa2 Rge8 39. Rfe4 Qd5 40. Qd2 Nf6 41. Qf4+ Kd7 42. Re5 Qd6 43. Qe3 Ra8 44. Nf4 Bc4 45. Qc3 Bd5 46. Bxd5 cxd5 47. Rxe6 Rxe6 48. Rxe6 Qc7 49. Qe3 Qc2 50. Re7+ Kd8 51. Qe6 Qd1+ 52. Kh2 Qg4 53. Qd6+ Kc8 54. Qc7# 1-0


[Site "https://www.chess.com"]

[Event "Titled Tuesday Blitz August 17 2021"]
[White "Kavyev, Ruslan"]
[Black "Bodnar, Nikolay"]
[WhiteFideId "34110981"]
[BlackFideId "14106469"]
[WhiteElo "2172"]
[BlackElo "2296"]
[Result "0-1"]
[Round "10"]
[TimeControl "180+1"]
[Date "2021.08.17"]
[WhiteClock "0:00:02"]
[BlackClock "0:01:27"]

1. d4 Nf6 2. c4 g6 3. Nc3 d5 4. Nf3 Bg7 5. h4 O-O 6. h5 dxc4 7. hxg6 hxg6 8. e4 c5 9. d5 b5 10. Bh6 Bxh6 11. Rxh6 b4 12. Ne2 Nxe4 13. Qc2 Nd6 14. Ng3 Nf5 15. Nxf5 Bxf5 16. Qxc4 e6 17. O-O-O exd5 18. Rxd5 Qf6 19. Qf4 Qg7 20. g4 Be6 21. Rd1 Nc6 22. g5 Rad8 23. Re1 Bxa2 24. Bb5 Nd4 25. Reh1 Nxf3 26. Qxf3 Bd5 27. Qf6 Bxh1 28. Rxh1 Qxf6 29. gxf6 Rd6 30. Bc4 Rxf6 31. Re1 Kg7 32. Re7 Rd8 33. Rxa7 Rxf2 34. b3 Rh8 35. Bd5 Rh5 36. Be4 Rg5 0-1


[Site "https://www.chess.com"]

[Event "Titled Tuesday Blitz August 17 2021"]
[White "Kezin, Roman"]
[Black "Seo, Jung Min"]
[WhiteFideId "24124621"]
[BlackFideId "1734687"]
[WhiteElo "2570"]
[BlackElo "2486"]
[Result "1-0"]
[Round "10"]
[TimeControl "180+1"]
[Date "2021.08.17"]
[WhiteClock "0:01:38"]
[BlackClock "0:02:13"]

1. d4 Nf6 2. c4 e6 3. Nc3 Bb4 4. f3 d5 5. a3 Be7 6. e4 dxe4 7. fxe4 c5 8. d5 exd5 9. exd5 O-O 10. Be2 Re8 11. Nf3 Bg4 12. O-O Nbd7 13. Bf4 a6 14. h3 Bh5 15. b3 Bf8 16. Ra2 Bxf3 17. Bxf3 Ne5 18. d6 Qxd6 19. Bxb7 Rab8 20. Bd5 Rxb3 21. Qxb3 1-0


[Site "https://www.chess.com"]